 Dungeon Crawl Stone Soup version 0.31-a0-774-g0d66cbabe8 (webtiles) character file.

Game seed: 6640069473240335781

39 SmokeWeed the Ducker (level 3, 0/27 HPs)
             Began as a Demonspawn Gladiator on Sept 17, 2023.
             Succumbed to a goblin's poison
             ... on level 2 of the Dungeon.
             The game lasted 00:02:33 (951 turns).

SmokeWeed the Ducker (Demonspawn Gladiator)          Turns: 951, Time: 00:02:34

Health: 0/27       AC:  4    Str: 16    XL:     3   Next: 28%
Magic:  3/3        EV: 12    Int:  9    God:
Gold:   34         SH:  4    Dex: 14    Spells: 2/2 levels left

rFire   . . .        a - +0 long sword
rCold   . . .        (no shield)
rNeg    . . .        b - +0 leather armour
rPois   .            k - +0 helmet
rElec   .            (no cloak)
rCorr   .            (no gloves)
SInv    .            (no boots)
Will    .....        (no amulet)
Stlth   +            (no ring)
HPRegen 0.24/turn    (no ring)
MPRegen 0.08/turn

%: no passive effects
@: lethally poisoned (0 -> -13)
A: large bone plates 1, powered by death 1
a: no special abilities


You were on level 2 of the Dungeon.
You visited 1 branch of the dungeon, and saw 2 of its levels.

You collected 34 gold pieces.

Inventory:

Hand Weapons
 a - a +0 long sword (weapon)
 m - a +3 dagger
 o - a +0 short sword
Missiles
 d - 3 throwing nets (quivered)
 e - a javelin
 i - 15 stones
Armour
 b - a +0 leather armour (worn)
 c - a +0 helmet
 k - a +0 helmet (worn)
Scrolls
 f - a scroll of identify {unknown}
 h - a scroll of blinking {unknown}
 l - a scroll of enchant armour {unknown}
Potions
 g - a potion of curing {unknown}
 j - a potion of degeneration {unknown}
 n - a potion of lignification {unknown}


   Skills:
 + Level 2.2 Fighting
 + Level 3.1 Long Blades
 + Level 1.8 Throwing
 + Level 1.1 Armour
 + Level 3.1 Dodging
 + Level 0.2 Shields


You had 2 spell levels left.
You didn't know any spells.
Your spell library was empty.

Dungeon Overview and Level Annotations

Branches:
Dungeon (2/15)

Altars:


Innate Abilities, Weirdness & Mutations

You are partially covered in large bone plates. (SH +4)
You regenerate a little health from kills.


Message History

The rat is heavily wounded.
The rat completely misses you.
You slash the rat!
You kill the rat!
i - 15 stones (gained 4)
There is a stone staircase leading up, spattered with blood here.
Items here: ) †††.
o - a +0 short sword A kobold comes into view.
It is wielding a +5 short sword of flaming.
The kobold shouts!
A goblin comes into view. It is wielding a +2 dagger of venom.
You see here a scroll labelled NOASASOTEY.
An endoplasm comes into view.
The endoplasm quivers.
You barely miss the goblin.
The goblin hits you with a +2 dagger of venom.
You are poisoned.
You closely miss the goblin.
You feel very sick.
The goblin hits you with a +2 dagger of venom.
You are more poisoned.
An adder comes into view.
The goblin misses you.
You closely miss the goblin.
You feel very sick. You block the goblin's attack.
You hit the goblin.
The goblin is severely wounded.
You feel very sick. The goblin hits you but does no damage.
You are lethally poisoned!
You barely miss the goblin.
The goblin is severely wounded.
* * * LOW HITPOINT WARNING * * *
You feel very sick.
The goblin hits you with a +2 dagger of venom.
* * * LOW HITPOINT WARNING * * *
You barely miss the goblin.
The goblin is severely wounded.
You die...

#. .. .. ..#
.#.... #####.#..##
#..........
########$# .....##
.....).#<##J......
#.....?@gKS...#
#.##....##.##.#
#....# # .........
#^.........
#..........#
#...........#
..#......##.#


You could see an adder, an endoplasm, a goblin and a kobold.

Vanquished Creatures
  An adder (D:2)
  3 endoplasms (D:1)
  2 goblins (D:1)
  A hobgoblin (D:1)
  8 jackals (D:1)
  2 quokkas
  A bat (D:1)
  A frilled lizard (D:1)
  5 kobolds
  3 rats
27 creatures vanquished.

Notes
Turn   | Place    | Note
-------+----------+-------------------------------------------
     0 | D:1      | SmokeWeed the Demonspawn Gladiator began the quest for the
                  | Orb.
     0 | D:1      | Reached XP level 1. HP: 16/16 MP: 1/1
   220 | D:1      | Gained mutation: You are partially covered in large bone
                  | plates. (SH +4) [demonic ancestry]
   220 | D:1      | Reached XP level 2. HP: 16/22 MP: 2/2
   932 | D:2      | Reached skill level 1 in Armour
   932 | D:2      | Gained mutation: You regenerate a little health from kills.
                  | [demonic ancestry]
   932 | D:2      | Reached XP level 3. HP: 23/27 MP: 3/3
   951 | D:2      | Succumbed to a goblin's poison

Illustrated notes

Levels and vault maps discovered:
D:1:      grunt_arrival_crossed_arrows, layout_basic
D:2:      layout_loops_ring, basic_altar, uniq_terence

Skill      XL: |  1  2 |
---------------+-------+-----
Dodging        | 3 |  3.1
Long Blades    | 3 |  3.1
Armour         | 1 |  1.1
Fighting       | |  2.2
Throwing       | |  1.8
Shields        | |  0.2

Action                     || total
---------------------------++-------
  Melee: Long sword        ||    69
   Stab: Sleeping          ||     1
 Armour: Leather armour    ||    50
  Dodge: Dodged            ||    50
  Block: Other             ||    12

Table legend: (Time is in decaauts)
 A = Elapsed time spent in this place.
 B = Non-inter-level travel time spent in this place.
 C = Inter-level travel time spent in this place.
 D = Time resting spent in this place.
 E = Time spent auto-exploring this place.
 F = Levels seen in this place.
 G = Mean time per level.
                   A        B        C        D        E       F      G
               +--------+--------+--------+--------+--------+-----+--------+
         Total |    968 |    960 |      8 |      0 |    412 |   2 |  484.0 |
       Dungeon |    968 |    960 |      8 |      0 |    412 |   2 |  484.0 |
               +--------+--------+--------+--------+--------+-----+--------+

Top non-repeatable levels by time:
     D:1: 937 daAuts
     D:2: 31 daAuts
